 Dungeon Crawl Stone Soup version 0.32-a0-898-g7811c86cf0 (webtiles) character file.

Game seed: 17631983753281785382

98 mopl the Apothecary (level 4, -2/27 HPs)
             Began as an Octopode Alchemist on Apr 4, 2024.
             Killed from afar by an orc wizard (7 damage)
             ... with a magic dart
             ... on level 3 of the Dungeon.
             The game lasted 00:02:40 (1308 turns).

mopl the Apothecary (Octopode Alchemist)            Turns: 1308, Time: 00:02:40

Health: -2/27      AC:  1    Str:  7    XL:     4   Next: 69%
Magic:  6/17       EV: 12    Int: 19    God:
Gold:   137        SH:  5    Dex: 12    Spells: 4/9 levels left

rFire   . . .        f - +1 dagger (venom)
rCold   . . .        (no shield)
rNeg    . . .        (helmet restricted)
rPois   .            b - amulet of reflection
rElec   .            h - ring of magical power
rCorr   .            (no ring)
SInv    .            (no ring)
Will    .....        (no ring)
Stlth   +++          (no ring)
HPRegen 0.24/turn    (no ring)
MPRegen 0.15/turn    (no ring)
                     (no ring)

%: reflection
@: lethally poisoned (-2 -> -7), very slightly contaminated
A: almost no armour, amphibious, 8 rings, camouflage 1, gelatinous body 1,
(nimble swimmer 1), tentacles
a: no special abilities


You were on level 3 of the Dungeon.
You visited 1 branch of the dungeon, and saw 3 of its levels.

You collected 137 gold pieces.

Inventory:

Hand Weapons
 f - a +1 dagger of venom (weapon)
Missiles
 e - 2 poisoned darts
Jewellery
 b - an amulet of reflection (around mantle)
 h - a ring of magical power (left tentacle)
Scrolls
 d - 2 scrolls of noise {unknown}
 j - 2 scrolls of identify {unknown}
 l - a scroll of fear {unknown}
 m - a scroll of teleportation {unknown}
Potions
 a - a potion of magic
 c - a potion of lignification {unknown}
 g - a potion of curing {unknown}
 i - a potion of mutation {unknown}
 k - a potion of brilliance {unknown}


   Skills:
 - Level 2.0 Dodging
 - Level 2.6 Stealth
 * Level 3.2 Spellcasting
 + Level 2.0 Conjurations
 * Level 4.4 Alchemy


You had 4 spell levels left.
You knew the following spells:

 Your Spells              Type           Power      Damage    Failure   Level
a - Sting                 Conj/Alch      60%        1d6       4%          1
o - Olgreb's Toxic Radia  Alch           19%        N/A       24%         4

Your spell library contained the following spells:

 Spells                   Type           Power      Damage    Failure   Level
 Mercury Vapours          Alch/Air       22%        N/A       9%          2
 Mephitic Cloud           Conj/Alch/Air  11%        N/A       19%         3
 Maxwell's Portable Pile  Tloc           3%         2d(5-14)  41%         3
 Sticky Flame             Fire/Alch      11%        2d5       52%         4
 Arcjolt                  Conj/Air       3%         1d13      95%         5
 Maxwell's Capacitive Co  Air            1%         ∞         100%        8


Dungeon Overview and Level Annotations

Branches:
Dungeon (3/15)

Altars:
Gozag


Innate Abilities, Weirdness & Mutations

You cannot wear most types of armour.
You are amphibious.
You can wear up to eight rings at the same time.
Your skin changes colour to match your surroundings (Stealth+).
Your rubbery body absorbs attacks. (AC +1, EV +1)
((You are camouflaged when in or above water. (Stealth+)))
You have tentacles for arms and can constrict up to eight enemies at once.


Message History

You are very lightly contaminated with residual magic.
Nothing appears to happen.
The orc shouts!
Unknown command.
Unknown command.
Your magical contamination has completely faded away.
There is an open door here.
Casting: Olgreb's Toxic Radiance (astonishingly dangerous; 24% risk of failure)
Confirm with . or Enter, or press ? or * to list all spells.
You miscast Olgreb's Toxic Radiance.
You are very lightly contaminated with residual magic.
There is a flash of cinnabar.
You are lethally poisoned!
You feel very sick.
Casting: Olgreb's Toxic Radiance (astonishingly dangerous; 24% risk of failure)
Confirm with . or Enter, or press ? or * to list all spells.
You begin to radiate toxic energy.
The orc is poisoned.
The orc wizard is poisoned.
The orc wizard looks even sicker.
You feel very sick.
Unknown command.
The orc looks even sicker.
The orc wizard looks even sicker.
Your toxic aura wanes.
You feel very sick.
You feel very sick.
* * * LOW HITPOINT WARNING * * *
You feel very sick.
You kill the orc!
Casting: Olgreb's Toxic Radiance (astonishingly dangerous; 24% risk of failure)
Confirm with . or Enter, or press ? or * to list all spells.
Aiming: Sting (safe; 4% risk of failure)
Press: ? - help, Shift-Dir - straight line, f - orc wizard
Aim: an orc wizard, wielding a +0 dagger and wearing a +0 robe (heavily wounded, very poisoned, 67% to hit)
The sting hits the orc wizard.
The orc wizard looks as sick as possible!
The orc wizard is severely wounded.
* * * LOW HITPOINT WARNING * * *
You feel sick.
The orc wizard points at you and mumbles some strange words.
The magic dart hits you!
You die...

...._.... ....... ßo..ß . o..
..###.### ......#.# #####
........###### #...#
.............#############...#
.........)...o..@............##
.............############.....#
.............# #####.#
.............# #.#
.............# #####.#
##+#.........# #.....#
#.........# ###.....###
+.........+ ...........
........# ########.##


You could see an orc wizard (extremely poisoned).

Vanquished Creatures
  Jessica (D:2)
  An adder (D:2)
  A ribbon worm (D:2)
  5 orcs (D:3)
  6 endoplasms
  A giant cockroach (D:1)
  7 goblins
  6 hobgoblins
  A quokka (D:1)
  2 ball pythons
  5 bats
  3 frilled lizards
  8 kobolds
  6 rats
53 creatures vanquished.

Notes
Turn   | Place    | Note
-------+----------+-------------------------------------------
     0 | D:1      | mopl the Octopode Alchemist began the quest for the Orb.
     0 | D:1      | Reached XP level 1. HP: 11/11 MP: 3/3
   137 | D:1      | Reached XP level 2. HP: 17/17 MP: 0/5
   569 | D:2      | Reached XP level 3. HP: 7/21 MP: 5/6
   763 | D:2      | Noticed Jessica
   769 | D:2      | Killed Jessica
   770 | D:2      | Reached skill level 4 in Alchemy
   775 | D:2      | Reached XP level 4. HP: 17/27 MP: 8/8
   855 | D:2      | Reached skill level 3 in Spellcasting
  1176 | D:3      | Learned a level 4 spell: Olgreb's Toxic Radiance
  1194 | D:3      | Reached skill level 2 in Conjurations
  1292 | D:3      | Found an opulent altar of Gozag.
  1308 | D:3      | Killed from afar by an orc wizard

Illustrated notes

Levels and vault maps discovered:
D:1:      dpeg_arrival_rooms_b, layout_rooms, hangedman_feature_mirror
D:2:      layout_basic, minivault_27, uniq_jessica
D:3:      layout_basic, xom_confusion_cloud, grunt_gozag_statues,
          glass_columns_c, uniq_ijyb

Skill      XL: |  1  2  3  4 |
---------------+-------------+-----
Alchemy        | 4 |  4.4
Spellcasting   | 3 |  3.2
Conjurations   | 2 |  2.0
Dodging        | |  2.0
Stealth        | |  2.6

Action                     |  1- 3 |  4- 6 || total
---------------------------+-------+-------++-------
  Melee: Dagger            |    14 |     4 ||    18
         Constrict         |     5 |       ||     5
         Unarmed           |     2 |       ||     2
         Tentacles         |     2 |     1 ||     3
   Cast: Sting             |    45 |    36 ||    81
         Olgreb's Toxic Ra |       |     2 ||     2
   Stab: Sleeping          |     1 |       ||     1
 Armour: Skin              |    12 |     5 ||    17
  Dodge: Dodged            |     8 |     8 ||    16
  Block: Other             |     6 |     3 ||     9

Table legend: (Time is in decaauts)
 A = Elapsed time spent in this place.
 B = Non-inter-level travel time spent in this place.
 C = Inter-level travel time spent in this place.
 D = Time resting spent in this place.
 E = Time spent auto-exploring this place.
 F = Levels seen in this place.
 G = Mean time per level.
                   A        B        C        D        E       F      G
               +--------+--------+--------+--------+--------+-----+--------+
         Total |   1307 |   1280 |     27 |     92 |    859 |   3 |  435.7 |
       Dungeon |   1307 |   1280 |     27 |     92 |    859 |   3 |  435.7 |
               +--------+--------+--------+--------+--------+-----+--------+

Top non-repeatable levels by time:
     D:1: 587 daAuts
     D:2: 582 daAuts
     D:3: 137 daAuts
